 Dungeon Crawl Stone Soup version bcrawl-1.13.1 (webtiles) character file.

Game seed: 11056497519002156053

96 MisterOstroum the Sneak (level 4, -6/21 HPs)
             Began as a Spriggan Enchanter on July 31, 2019.
             Killed from afar by Sigmund (7 damage)
             ... with a puff of flame
             ... on level 3 of the Dungeon on Aug 2, 2019.
             The game lasted 00:14:38 (2447 turns).

MisterOstroum the Sneak (Spriggan Enchanter)        Turns: 2447, Time: 00:14:38

Health: -6/21      AC:  2    Str:  4    XL:     4   Next: 41%
Magic:  0/10       EV: 18    Int: 17    God:
Gold:   144        SH:  0    Dex: 16    Spells: 4/10 levels left

rFire    . . .     SeeInvis +   a - +1 dagger
rCold    . . .     Gourm    .   (shield restricted)
rNeg     . . .     Faith    .   b - +0 robe
rPois    .         Spirit   .   (helmet restricted)
rElec    .         Reflect  .   (no cloak)
rCorr    .         Harm     .   (gloves unavailable)
MR       .....                  (boots unavailable)
Stlth    +++.......             (no amulet)
HPRegen  0.07/turn              (no ring)
MPRegen  0.12/turn              (no ring)

@: very slightly contaminated, very quick
A: very small, unfitting armour, see invisible, herbivore, speed 3, slow
metabolism 2
a: no special abilities


You were on level 3 of the Dungeon.
You were not hungry.

You visited 1 branch of the dungeon, and saw 3 of its levels.

You collected 144 gold pieces.

Inventory:

Hand Weapons
 a - a +1 dagger (weapon)
 k - a +0 club
Missiles
 l - 103 stones (quivered)
Armour
 b - a +0 robe (worn)
Scrolls
 c - 2 scrolls of identify {unknown}
 d - a scroll of fog {!r}
 f - 2 scrolls of teleportation {unknown}
 g - a scroll of remove curse {unknown}
 i - a scroll of enchant armour {unknown}
Potions
 h - 2 potions of curing {unknown}
 j - a potion of might {unknown}
 m - a potion of resistance {unknown}
 n - a potion of haste {unknown}
Comestibles
 e - a ration {!d}


   Skills:
 + Level 2.7 Short Blades
 - Level 3.0 Dodging
 - Level 5.1 Stealth
 + Level 3.7 Spellcasting
 + Level 4.5 Hexes
 + Level 1.2 Ice Magic


You had 4 spell levels left.
You knew the following spells:

 Your Spells              Type           Power        Failure   Level  Hunger
a - Corona                Hex            ###....      2%          1    None
b - Ensorcelled Hibernat  Hex/Ice        ##....       8%          2    ##.....
c - Confuse               Hex            ###.....     8%          3    ###....

Your spell library contained the following spells:

 Spells                   Type           Power        Failure   Level  Hunger
 Tukima's Dance           Hex            ###.....     8%          3    ###....
 Dazzling Spray           Conj/Hex       ##....       19%         3    ###....
 Yara's Violent Unravell  Hex/Tmut       ##........   54%         4    ####...
 Petrify                  Tmut/Erth      #.......     85%         4    ####...
 Metabolic Englaciation   Hex/Ice        ##........   80%         5    ######.
 Mana Rupture             Conj/Hex       ##........   100%        7    #######


Dungeon Overview and Level Annotations

Branches:
Dungeon (3/12)

Altars:

Annotations:
D:3 Sigmund


Innate Abilities, Weirdness & Mutations

You are very small and have problems with some larger weapons.
You are too small for most types of armour.
You have supernaturally acute eyesight. (SInv)
You are a herbivore.
You cover ground extremely quickly.
You need to consume almost no food.


Message History

Press: ? - help, Shift-Dir - straight line, f/p - gnoll
Aim: a gnoll (chance to defeat MR: 51%)
The gnoll resists with some effort.
The gnoll completely misses you.
Casting: Ensorcelled Hibernation (safe; 8% risk of failure)
Confirm with . or Enter, or press ? or * to list all spells.
Aiming: Ensorcelled Hibernation (safe; 8% risk of failure)
Press: ? - help, Shift-Dir - straight line, f/p - gnoll
Aim: a gnoll (chance to defeat MR: 51%)
The gnoll looks drowsy...
The helpless gnoll fails to defend itself.
You impale the gnoll!!
You kill the gnoll!
A jackal comes into view.
The jackal barks!
You hit the hobgoblin but do no damage.
You hear a bark!
The hobgoblin misses you.
You hear a shout!
You closely miss the hobgoblin. The hobgoblin misses you.
You hit the hobgoblin.
The hobgoblin is moderately wounded.
The hobgoblin barely misses you.
You hit the hobgoblin.
The hobgoblin is heavily wounded.
Sigmund the Dreaded comes into view.
He is wielding a +5 vampiric scythe.
Casting: Ensorcelled Hibernation (safe; 8% risk of failure)
Confirm with . or Enter, or press ? or * to list all spells.
Aiming: Ensorcelled Hibernation (safe; 8% risk of failure)
Press: ? - help, Shift-Dir - straight line, f - Sigmund
Aim: Sigmund, wielding a +5 vampiric scythe and wearing a +0 robe (chance to defeat MR: 51%)
Okay, then.
Sigmund casts a cantrip, but nothing happens.
Found 3 scrolls labeled RAQYASO OREI.
Casting: Ensorcelled Hibernation (safe; 8% risk of failure)
Confirm with . or Enter, or press ? or * to list all spells.
Aiming: Confuse (safe; 8% risk of failure)
Press: ? - help, Shift-Dir - straight line, f - Sigmund
Aim: Sigmund, wielding a +5 vampiric scythe and wearing a +0 robe (chance to defeat MR: 57%)
Okay, then.
Casting: Confuse (safe; 8% risk of failure)
Confirm with . or Enter, or press ? or * to list all spells.
Aiming: Confuse (safe; 8% risk of failure)
Press: ? - help, Shift-Dir - straight line, f - Sigmund
Aim: Sigmund, wielding a +5 vampiric scythe and wearing a +0 robe (chance to defeat MR: 57%) Sigmund appears confused.
You hit the hobgoblin but do no damage.
The hobgoblin is heavily wounded.
You hit the hobgoblin.
The hobgoblin is severely wounded.
The hobgoblin barely misses you.
You hit the hobgoblin.
You kill the hobgoblin!
You hit the jackal.
The jackal is heavily wounded.
The jackal barely misses you. The jackal misses you.
You barely miss the jackal.
The jackal is heavily wounded.
The jackal bites you but does no damage.
You hit the jackal.
The jackal is almost dead.
The jackal misses you.
Sigmund closely misses the jackal.
You barely miss the jackal.
The jackal is almost dead.
The jackal bites you but does no damage.
The jackal barely misses you.
You hit the jackal.
You kill the jackal!
Sigmund laughs at nothing.
Sigmund completely misses you.
Things that are here:
a +0 club; a hobgoblin corpse You hit Sigmund but do no damage.
Casting: Confuse (safe; 8% risk of failure)
Confirm with . or Enter, or press ? or * to list all spells.
Aiming: Ensorcelled Hibernation (safe; 8% risk of failure)
Press: ? - help, Shift-Dir - straight line, f/p - Sigmund
Aim: Sigmund, wielding a +5 vampiric scythe and wearing a +0 robe (confused, chance to defeat MR: 51%)
You miscast Ensorcelled Hibernation.
You are very lightly contaminated with residual magic.
Nothing appears to happen.
Sigmund misses you.
You hit Sigmund.
Sigmund is lightly wounded.
You strike the helpless Sigmund from behind!
You puncture Sigmund!
Sigmund is severely wounded.
Sigmund seems less confused.
Sigmund completely misses you.
Casting: Ensorcelled Hibernation (safe; 8% risk of failure)
Confirm with . or Enter, or press ? or * to list all spells.
Aiming: Ensorcelled Hibernation (safe; 8% risk of failure)
Press: ? - help, Shift-Dir - straight line, f/p - Sigmund
Aim: Sigmund, wielding a +5 vampiric scythe and wearing a +0 robe (severely wounded, chance to defeat MR: 51%) Sigmund resists with some effort.
Sigmund hits you with a +5 vampiric scythe!!
Ouch! That really hurt!
* * * LOW HITPOINT WARNING * * *
Things that are here:
a +0 club; a hobgoblin corpse Sigmund casts a spell at you.
The puff of flame hits you!
You die...

>#.o#.#.# #...# ## .#.
.#..#.#.# #...# .. .. ....<...#
#)..# g#.. ###.##..# #...# .#.
#. ......).# #...# .. ..
.##.##..########...####### .#.#
.##.##..##...............##...#
....##....................$...#
.###...[........@..)@....##†..#
.###.#.##.######...####### %#.#
..........# #...# .# ..
####.#....# #...# .# ##
#.#....# #...# .. #.##.#.#
#...# .# #......# #...# .# ...
.... ##?## #### .## #..


You could see Sigmund.

Vanquished Creatures
  A gnoll (D:3)
  2 adders (D:3)
  A worm (D:2)
  A dart slug (D:2)
  3 leopard geckos (D:1)
  3 orcs (D:3)
  A ball python (D:2)
  3 giant cockroaches
  7 goblins
  10 hobgoblins
  5 jackals
  A quokka (D:2)
  3 bats
  5 frilled lizards
  A jackal skeleton (D:2)
  3 kobolds (D:2)
  2 rats
52 creatures vanquished.

Notes
Turn   | Place    | Note
-------+----------+-------------------------------------------
     0 | D:1      | MisterOstroum the Spriggan Enchanter began the quest for
                  | the Orb.
     0 | D:1      | Reached XP level 1. HP: 9/9 MP: 5/5
   287 | D:1      | Reached XP level 2. HP: 13/13 MP: 7/7
   296 | D:1      | Learned a level 2 spell: Ensorcelled Hibernation
   612 | D:1      | Reached skill level 5 in Stealth
   937 | D:1      | Reached XP level 3. HP: 16/16 MP: 8/8
  1175 | D:1      | Learned a level 3 spell: Confuse
  2132 | D:2      | Upgraded the game from bcrawl-1.13-2-g5ca86534bc to
                  | bcrawl-1.13.1
  2244 | D:3      | Reached skill level 1 in Ice Magic
  2244 | D:3      | Reached XP level 4. HP: 21/21 MP: 7/10
  2417 | D:3      | Noticed Sigmund
  2442 | D:3      | HP: 1/21 [Sigmund/+5 vampiric scythe (20)]
  2447 | D:3      | Killed from afar by Sigmund

Skill      XL: |  1  2  3 |
---------------+----------+-----
Spellcasting   | 3 |  3.7
Hexes          | 4 |  4.5
Short Blades   | 2 |  2.7
Stealth        | 5 |  5.1
Ice Magic      | 1 |  1.2
Dodging        | |  3.0

Action                   |  1- 3 |  4- 6 || total
-------------------------+-------+-------++-------
Melee: Dagger            |   120 |    18 ||   138
Throw: Stone             |     6 |     1 ||     7
 Cast: Corona            |     6 |       ||     6
       Ensorcelled Hiber |    36 |     5 ||    41
       Confuse           |     2 |     1 ||     3
 Stab: Sleeping          |    32 |     3 ||    35
       Confused          |     1 |     1 ||     2
  Eat: Ration            |     1 |       ||     1
Armor: Robe              |     8 |     2 ||    10
Dodge: Dodged            |   100 |    13 ||   113
